Unix NetHack Version 5.0.0-0 post-release - last build May 31 2026 23:59:36 (970b52f25bf058293b47ddfd14a1e40e571c508c,branch:main).

Game began 2026-06-01 05:28:11, ended 2026-06-01 05:43:37.

Eisengrim, chaotic male elven Wizard

      --
      |.
      |...
        ....
          ....
           |....
            -..... -
              ...... -
                  ....           --------
                     .G.    ------......
                 ------... --......-..--
             -.................--.#.(..|
                        -%G...)@.%%..%.|
                        |..........|...|
                        ----.--.|.---.--
                           -- ----- ---
Eisengrim the Conjurer    St:12 Dx:11 Co:15 In:20 Wi:9 Ch:8  Chaotic
Dlvl:4  $:103 HP:0(29) Pw:22(53) AC:9  Xp:5 T:2107  Hungry  

Latest messages:
 You are beginning to feel hungry.
 K - a hooded cloak.
 The gnome picks up 2 daggers.
 There are several objects here.
 The gnome picks up a pair of hard shoes.
 There is a gnome corpse here; eat it? [ynq] (n)
 This gnome corpse is fatty.
 The gnome wields 2 daggers!
 The gnome lord shoots an arrow!
 You are hit by an arrow!
 You stop eating the gnome corpse.
 The gnome picks up a dagger.
 You are beginning to feel hungry.
 The hobbit wields a sling!
 The sling welds itself to the hobbit's hand!
 The gnome lord picks up a pair of hard shoes.
 In what direction?
 The spell hits the gnome lord!
 The gnome lord resists!
 The spell hits the gnome!
 You kill the gnome!
 The hobbit shoots a rock!
 You are hit by a rock.
 The gnome wields a crossbow!
 The gnome lord picks up a broad short sword.
 In what direction?
 The spell hits the hobbit!
 You kill the hobbit!
 The gnome picks up a food ration.
 The gnome lord picks up a broad pick.
 The gnome shoots 2 crossbow bolts!
 You are hit by the 1st crossbow bolt.
 The 2nd crossbow bolt misses you.
 In what direction?
 The spell hits the gnome lord!
 You kill the gnome lord!
 There are several objects here.
 There is a gnome lord corpse here; eat it? [ynq] (n)
 Blecch!  Rotten food!
 The gnome picks up a cursed sling.
 You stop eating the gnome lord corpse.
 The gnome shoots 2 crossbow bolts!
 You are hit by the 1st crossbow bolt.
 You are hit by the 2nd crossbow bolt.
 You die...
 Do you want your possessions identified? [ynq] (y)
 Do you want to see your attributes? [ynq] (y)
 Do you want an account of creatures vanquished? [ynaq] (y)
 Do you want to see your conduct and achievements? [ynq] (y)
 Do you want to see the dungeon overview? [ynq] (y)

Inventory:
 Coins    ('$')
  $ - 103 gold pieces
 Weapons  (')')
  a - a blessed +1 quarterstaff (weapon in hands)
 Armor    ('[')
  b - an uncursed +0 cloak of magic resistance (being worn)
  H - an uncursed +1 dwarvish cloak
  K - an uncursed +0 dwarvish cloak
 Comestibles  ('%')
  z - 3 uncursed food rations
 Scrolls  ('?')
  j - an uncursed scroll of enchant weapon
  h - 2 uncursed scrolls of identify
  G - a cursed scroll of identify
  r - an uncursed scroll of light
  B - 2 uncursed scrolls of magic mapping
  i - an uncursed scroll of punishment
  D - a cursed scroll of punishment
 Spellbooks  ('+')
  l - an uncursed spellbook of cure sickness
  k - a blessed spellbook of force bolt
  C - an uncursed spellbook of light
 Potions  ('!')
  A - an uncursed potion of gain energy
  F - 2 uncursed potions of healing
  p - an uncursed potion of oil
  g - an uncursed potion of paralysis
  w - an uncursed potion of see invisible
  t - a cursed potion of sleeping
  f - 2 uncursed potions of water
 Rings    ('=')
  e - an uncursed ring of cold resistance
  I - an uncursed ring of fire resistance
  d - an uncursed ring of stealth
 Wands    ('/')
  c - a wand of slow monster (0:5)
 Tools    ('(')
  n - an uncursed bell
  u - an uncursed bell
  m - a magic marker (0:21)
  E - an uncursed tallow candle
 Gems/Stones  ('*')
  s - an uncursed jet stone
  x - an uncursed worthless piece of blue glass
  q - 2 uncursed worthless pieces of orange glass
  v - an uncursed worthless piece of white glass
  J - an uncursed worthless piece of yellow glass

Eisengrim the Wizard's attributes:

Background:
 You were a Conjurer, a level 5 male elven Wizard.
 You were chaotic, on a mission for Anhur
 who was opposed by Ptah (lawful) and Thoth (neutral).
 You were right-handed.
 You were in the Gnomish Mines, on level 4.
 You entered the dungeon 2107 turns ago.
 It was nighttime.
 There was a full moon in effect when your adventure ended.
 You had 221 experience points, 99 more were needed to attain level 6.

Basics:
 You had 0 out of 29 hit points.
 You had 22 out of 53 energy points (spell power).
 Your armor class was 9.
 Your wallet contained 103 zorkmids.
 Autopickup was off.

Final Characteristics:
 Your strength was 12 (limit:18).
 Your dexterity was 11 (limit:18).
 Your constitution was 15 (limit:16).
 Your intelligence was 20 (limit:20).
 Your wisdom was 9 (limit:20).
 Your charisma was 8 (limit:18).

Final Status:
 You were hungry.
 You were unencumbered.
 You were wielding a quarterstaff.
 You had basic skill with quarterstaff.

Final Attributes:
 You were piously aligned.
 You were magic-protected.
 You were sleep resistant.
 You had infravision.
 You were warded.
 You were lucky.
 You are dead.

Miscellaneous:
 You didn't encounter any bones levels.
 Total elapsed playing time was 15 minutes and 23 seconds.

Major events:
 Turn
    1: Eisengrim the chaotic male elven Wizard entered the dungeon
  971: attained the rank of Conjurer (level 3)
 1794: entered the Gnomish Mines
 2107: killed by a crossbow bolt

Spells:
 Name                 Level Category     Fail Retention
 force bolt             1   attack         0%   81%-90%
 cure sickness          3   healing       63%  76%-100%

Skills:
 Fighting Skills
   bare handed combat [Unskilled]
   riding             [Unskilled]
 Weapon Skills
   dagger             [Unskilled]
   knife              [Unskilled]
   axe                [Unskilled]
   short sword        [Unskilled]
   club               [Unskilled]
   mace               [Unskilled]
   quarterstaff       [Basic]
   polearms           [Unskilled]
   spear              [Unskilled]
   trident            [Unskilled]
   sling              [Unskilled]
   dart               [Unskilled]
   shuriken           [Unskilled]
 Spellcasting Skills
   attack spells      [Basic]
   healing spells     [Unskilled]
   divination spells  [Unskilled]
   enchantment spells [Basic]
   clerical spells    [Unskilled]
   escape spells      [Unskilled]
   matter spells      [Unskilled]

Voluntary challenges:
 Character rerolling was not enabled.
 You were illiterate.
 You never genocided any monsters.
 You never polymorphed an object.
 You never changed form.
 You used no wishes.
Achievements:
 You entered a shop.
 You attained the rank of Conjurer.
 You entered the Gnomish Mines.

 The Dungeons of Doom: levels 1 to 5
    Level 1:
    Level 2:
       A ring shop, some fountains, a grave.
    Level 3:
       A grave.
       Stairs down to The Gnomish Mines.
    Level 4:
       An altar.
    Level 5:
       A potion shop, a fountain.
 The Gnomish Mines:
    Level 4: <- You were here.
       Final resting place for
          you, killed by a crossbow bolt.


Vanquished creatures:
  a rock piercer
  a rock mole
  a shrieker
  a gnome leader
  a floating eye
  a kitten
  2 dwarves
  a rothe
  2 orc zombies
  a dwarf zombie
 an iguana
  2 acid blobs
  a coyote
  2 hobbits
  a brown mold
  4 gnomes
  a gnome zombie
  3 geckos
  4 jackals
  a fox
  a goblin
  2 sewer rats
  a grid bug
  3 bats
  2 lichens
  a kobold zombie
  2 newts
44 creatures vanquished.

No species were genocided or became extinct.

Game over:
                       ----------
                      /          \
                     /    REST    \
                    /      IN      \
                   /     PEACE      \
                  /                  \
                  |    Eisengrim     |
                  |      103 Au      |
                  |   killed by a    |
                  |  crossbow bolt   |
                  |                  |
                  |                  |
                  |       2026       |
                 *|     *  *  *      | *
        _________)/\\_//(\/(/\)/\//\/|_)_______

Goodbye Eisengrim the Wizard...

You died in The Gnomish Mines on dungeon level 4 with 1177 points,
and 103 pieces of gold, after 2107 moves.
You were level 5 with a maximum of 29 hit points when you died.

